 Dungeon Sprint DCSS version 0.17-a0-77-gee7a2f2 (webtiles) character file.

34615 BluebellGnoll the Peltast (level 13, -11/115 (117) HPs)
             Began as an Octopode Fire Elementalist on Mar 14, 2015.
             Was the Champion of Vehumet.
             Blown up by Talop the pandemonium lord (35 damage)
             ... with a wavering orb of destruction
             ... in the Dungeon (Sprint V: "Ziggurat Sprint").
             The game lasted 00:46:59 (1453 turns).

BluebellGnoll the Peltast (OpFE)                    Turns: 1453, Time: 00:47:10

HP:   -11/115 (117) AC: 14    Str: 29      XL:     13   Next: 78%
MP:   35/45         EV: 25    Int: 36 (37) God:    Vehumet [******]
Gold: 0             SH:  0    Dex: 20      Spells: 11 memorised, 8 levels left

rFire  . . .     SeeInvis .     m - melded staff of energy
rCold  + . .     Clarity  .     w - melded +18 shield of the gong {rElec rN+ MR+ EV-5}
rNeg   + + +     SustAb   .     (helmet currently unavailable)
rPois  +         Gourm    .     Z - brooch of Shielding {Ward rN+ AC+4 EV+4} (curse)
rElec  .         Spirit   .     S - ring "Lonoi" {rPois rC+ EV+6}
rCorr  .         Warding  +     o - ring of Imuxtunk {+Fly MR+ Dex+4 Slay+2 Stlth+}
rMut   .         NoTele   +     q - +6 ring of intelligence
MR     +....                    r - +6 ring of intelligence
Stlth  ++++......               s - +6 ring of strength (curse)
                                t - +6 ring of strength
                                V - ring "Claiplaf" {+Fly rPois MP+9 Int+4 Stlth+} (curse)
                                P - ring "Grulyqyd" {Wiz Contam rN+++ Dex+4}

@: hydra-form, very slightly contaminated, regenerating (expiring), hasted, very
quick, somewhat resistant to hostile enchantments, stealthy
A: almost no armour, amphibious, 8 rings, (constrict 8), (camouflage 0), sense
surroundings 1, (gelatinous body 0)
a: End Transformation, Renounce Religion, Evoke Flight


You were in the Dungeon.
You worshipped Vehumet.
Vehumet was exalted by your worship.
You were not hungry.
You were a 9-headed hydra.
You visited 1 branch

Inventory:

Hand weapons
 K - a +5 broad axe of electrocution
Armour
 w - the +18 shield of the gong (melded) {rElec rN+ MR+ EV-5}
   (You found it in the Dungeon)

   It affects your evasion (-5).
   It insulates you from electricity.
   It protects you from negative energy.
   It affects your resistance to hostile enchantments.
Magical staves
 m - an uncursed staff of energy (melded)
Jewellery
 o - the ring of Imuxtunk (right foreclaw) {+Fly MR+ Dex+4 Slay+2 Stlth+}
   (You found it in the Dungeon)

   [ring of flight]

   It affects your dexterity (+4).
   It affects your accuracy and damage with ranged weapons and melee attacks
   (+2).
   It affects your resistance to hostile enchantments.
   It lets you fly.
   It makes you more stealthy.
 q - a +6 ring of intelligence (on tentacle)
 r - a +6 ring of intelligence (on tentacle)
 s - a cursed +6 ring of strength (on tentacle)
 t - a +6 ring of strength (on tentacle)
 v - an uncursed ring of protection from cold
 P - the ring "Grulyqyd" (on tentacle) {Wiz Contam rN+++ Dex+4}
   (You took it off a spriggan in the Dungeon)

   [ring of wizardry]

   It improves your spell success rate.
   It affects your dexterity (+4).
   It renders you almost immune to negative energy.
   It causes magical contamination when unequipped.
 Q - the ring of Amorality {MR+ MP+9 Str+3 SInv Stlth-}
   (You found it in the Dungeon)

   [ring of loudness]

   It affects your strength (+3).
   It affects your resistance to hostile enchantments.
   It affects your magic capacity (+9).
   It enhances your eyesight.
   It makes you less stealthy.
 S - the ring "Lonoi" (left foreclaw) {rPois rC+ EV+6}
   (You found it in the Dungeon)

   [ring of evasion]

   It affects your evasion (+6).
   It protects you from cold.
   It protects you from poison.
 V - the cursed ring "Claiplaf" (on tentacle) {+Fly rPois MP+9 Int+4 Stlth+}
   (You found it in the Dungeon)

   [ring of flight]

   It affects your intelligence (+4).
   It protects you from poison.
   It affects your magic capacity (+9).
   It lets you fly.
   It makes you more stealthy.
   It has a curse placed upon it.
 W - the cursed ring of Twaur {Wiz rF+}
   (You found it in the Dungeon)

   [ring of wizardry]

   It improves your spell success rate.
   It protects you from fire.
   It has a curse placed upon it.
 Z - the cursed brooch of Shielding (around neck) {Ward rN+ AC+4 EV+4}
   (You found it in the Dungeon)

   [amulet of warding]

   It may prevent the melee attacks of summoned creatures.
   It affects your AC (+4).
   It affects your evasion (+4).
   It protects you from negative energy.
   It has a curse placed upon it.
Magical devices
 a - a wand of disintegration (6)
 j - a wand of hasting (6)
 k - a wand of cold (5)
 l - a wand of draining (3)
 T - a wand of hasting (5)
 X - a wand of hasting (0)
Scrolls
 i - 3 scrolls of blinking
 y - 4 scrolls of amnesia
 A - 3 scrolls of recharging
 B - 7 scrolls of fog
 D - 5 scrolls of identify
 E - 4 scrolls of remove curse
 F - 2 scrolls of fear
Potions
 d - 8 potions of curing
 e - 11 potions of heal wounds
 f - 5 potions of haste
 g - 7 potions of magic
 h - 3 potions of berserk rage
 G - a potion of brilliance
 H - 2 potions of invisibility
 I - 2 potions of restore abilities
 J - 4 potions of resistance
 L - 6 potions of agility
 M - 5 potions of might
Books
 N - a book of Transfigurations

   Spells                             Type                      Level
   a - Stoneskin                      Transmutation/Earth          2
   b - Irradiate                      Conjuration/Transmutation    5
   c - Statue Form                    Transmutation/Earth          6
   d - Hydra Form                     Transmutation                6
   e - Dragon Form                    Transmutation                7
 U - a book of Geomancy

   Spells                             Type                      Level
   a - Sandblast                      Earth                        1
   b - Stoneskin                      Transmutation/Earth          2
   c - Passwall                       Transmutation/Earth          3
   d - Stone Arrow                    Conjuration/Earth            3
   e - Petrify                        Transmutation/Earth          4
   f - Lee's Rapid Deconstruction     Earth                        5
Miscellaneous
 b - a fan of gales
 n - a crystal ball of energy
 p - a box of beasts
 u - a disc of storms
 R - a lamp of fire (inert)
 Y - 2 phantom mirrors
Comestibles
 c - 5 bread rations
 x - 42 fruits
 z - 4 meat rations
 C - 3 chunks of flesh


   Skills:
 * Level 9.5 Fighting
 - Level 10.3 Dodging
 - Level 2.6 Stealth
 - Level 19.3 Shields
 - Level 8.4 Unarmed Combat
 + Level 16.4 Spellcasting
 - Level 10.4 Conjurations
 - Level 7.0 Summonings
 - Level 14.0 Transmutations
 - Level 7.8 Fire Magic
 - Level 6.3 Earth Magic
 - Level 9.3 Evocations


You had 8 spell levels left.
You knew the following spells:

 Your Spells              Type           Power        Failure   Level  Hunger
a - Flame Tongue          Conj/Fire      #####        1%          1    None
b - Throw Flame           Conj/Fire      ######       1%          2    None
c - Stoneskin             Trmt/Erth      #######.     1%          2    None
d - Regeneration          Chrm/Necr      ####......   1%          3    None
e - Sticky Flame          Conj/Fire      #######.     1%          4    None
f - Fireball              Conj/Fire      #######...   1%          5    None
g - Mephitic Cloud        Conj/Pois/Air  ######..     1%          3    None
h - Hydra Form            Trmt           #######...   1%          6    None
i - Summon Butterflies    Summ           ######..     1%          1    None
j - Summon Lightning Spi  Summ/Air       ######..     1%          4    None
k - Summon Mana Viper     Hex/Summ       ######..     4%          5    None


Dungeon Overview and Level Annotations

Branches:
Dungeon (1/1)

Altars:
Ashenzari
Cheibriados
Dithmenos
Elyvilon
Fedhas
Gozag
Kikubaaqudgha
Makhleb
Nemelex Xobeh
Okawaru
Qazlal
Ru
Sif Muna
Trog
Vehumet
Xom
Yredelemnul
Zin
The Shining One
Beogh
Jiyva
Lugonu


Innate Abilities, Weirdness & Mutations

You cannot wear most types of armour.
You are amphibious.
You can wear up to eight rings at the same time.
((You can use your tentacles to constrict many enemies at once.))
((Your skin changes colour to match your surroundings (Stealth).))
((Your rubbery body absorbs attacks (AC +1).))
You passively map a small area around you.


Message History

You bite the orange demon!!
The orange demon is almost dead.
The red devil misses you.
The hellwing is engulfed in roaring flames.
Talop hits you!!!
* * * LOW HITPOINT WARNING * * *
Talop burns you!!
* * * LOW HITPOINT WARNING * * *
Your fire elemental completely misses Luetze.
Ofetaque is engulfed in roaring flames.
Ofetaque mumbles some strange words.
Drink which item? (? for menu, Esc to quit)
You feel much better.
Luetze is engulfed in roaring flames.
The orange demon is engulfed in roaring flames.
You kill the orange demon!
Vehumet accepts your kill.
You feel your power returning.
Talop launches a ball of destructive magic.
The wavering orb of destruction weakly hits you!
You die...

,▓.....8© ▓....
▓..:|§)!} , ▓.... ,
▓...§}[/)[ ▓....
,▓..§..E§..., ▓....
≈ ,▓.E.44.3....
▓.... ▓.4.3&4......
▓..▓. ≈▓..4213G§....
▓.▓.▓ ,
▓5&§4&§§4.... ▓..▓.
≈ ▓.D▓34.....▓ ▓....
▓.▓▓▓.....▓▓ ▓▓▓▓▓ ,
,▓..▓.......▓..▓....
▓.............▓..::
▓.............▓....
,
▓▓▓▓▓▓▓▓▓▓▓▓▓▓▓....
* , , ,▓.... , , , ,
, ▓.... ,, ,, ▓....


You could see Luetze, Ofetaque, Talop, an Ice Fiend, a cacodemon, a great orb of
eyes, an ice devil, an orange demon, 2 hellwings, a rust devil, a sixfirhy, a
blue devil, a neqoxec, a ynoxinul, a red devil, an ufetubus and 2 friendly fire
elementals.

Vanquished Creatures
  A greater mummy (D)
  2 acid blobs (D)
  A lich (D)
  A deep elf demonologist (D)
  A blood saint (D)
  A mummy priest (D)
  2 fire dragons (D)
  A hydra (D)
  A green death (D)
  An ice dragon (D)
  A thrashing horror (D)
  3 deep elf knights (D)
  2 death drakes (D)
  A large abomination (D)
  A death scarab (D)
  5 deep elf summoners (D)
  A giant orange brain (D)
  2 swamp dragons (D)
  A deep elf conjurer (D)
  2 shining eyes (D)
  An orc sorcerer (D)
  A rust devil (D)
  An elephant (D)
  2 orange demons (D)
  2 fire drakes (D)
  5 guardian mummies (D)
  A two-headed ogre (D)
  An ancient zyme (D)
  4 slime creatures (D)
  A flying skull (D)
  A raiju (D)
  A deep elf mage (D)
  2 spriggans (D)
  3 wyverns (D)
  A steam dragon (D)
  A neqoxec (D)
  9 deep elf fighters (D)
  2 golden eyes (D)
  A wolf (D)
  A swamp drake (shapeshifter) (D)
  A mottled dragon (D)
  An orc warrior (D)
  A black bear (D)
  A soldier ant (shapeshifter) (D)
  2 giant frogs (D)
  A small abomination (D)
  2 scorpions (D)
  A goliath beetle (shapeshifter) (D)
  5 jellies (D)
  5 orc priests (D)
  2 orc wizards (D)
  2 hell rats (D)
  6 mummies (D)
  2 adders (D)
  A shadow imp (D)
  4 giant mites (D)
  A white imp (D)
  A giant eyeball (D)
  An ufetubus (D)
  2 oozes (D)
  12 orcs (D)
  3 goblins (D)
  2 fungi (D)
131 creatures vanquished.

Vanquished Creatures (collateral kills)
  A black mamba (D)
  A wyvern (D)
  A water moccasin (D)
  A sheep (D)
  An adder (D)
5 creatures vanquished.

Grand Total: 136 creatures vanquished

Notes
Turn   | Place    | Note
--------------------------------------------------------------
     0 | D        | BluebellGnoll, the Octopode Fire Elementalist, began the quest for the Orb.
     0 | D        | Reached XP level 1. HP: 11/11 MP: 3/3
     0 | D        | Found a viscous altar of Jiyva.
     0 | D        | Found a corrupted altar of Lugonu.
     0 | D        | Found a white marble altar of Elyvilon.
     2 | D        | Found a sparkling altar of Nemelex Xobeh.
     2 | D        | Found a burning altar of Makhleb.
     2 | D        | Found a deep blue altar of Sif Muna.
     3 | D        | Found a bloodstained altar of Trog.
     7 | D        | Found an iron altar of Okawaru.
    19 | D        | Found a radiant altar of Vehumet.
    34 | D        | Found a basalt altar of Yredelemnul.
    40 | D        | Reached skill level 7 in Shields
    40 | D        | Reached XP level 2. HP: 17/17 MP: 4/4
    44 | D        | Learned a level 2 spell: Throw Flame
    45 | D        | Found a shimmering altar of Xom.
    53 | D        | Became a worshipper of Vehumet
    59 | D        | Entered arena 1.
    59 | D        | Noticed a deep dwarf
    59 | D        | Noticed a two-headed ogre
    59 | D        | Noticed a swamp drake
    59 | D        | a deep dwarf changed into a swamp drake
    61 | D        | a two-headed ogre changed into a goliath beetle
    63 | D        | Reached XP level 3. HP: 21/21 MP: 6/6
    65 | D        | Killed a swamp drake
    65 | D        | Reached XP level 4. HP: 20/27 MP: 7/7
    65 | D        | Reached XP level 5. HP: 22/31 MP: 9/9
    74 | D        | Gained mutation: You passively map a small area around you. [mutagenic meat]
    80 | D        | Got the +9 great sword "Siafez" {pain, rElec rPois rF+}
    88 | D        | Learned a level 4 spell: Sticky Flame
   173 | D        | Entered arena 2.
   173 | D        | Noticed a golden eye
   175 | D        | Paralysed by a giant eyeball for 4 turns
   179 | D        | Acquired Vehumet's first power
   179 | D        | Offered knowledge of Freeze by Vehumet.
   181 | D        | Killed a golden eye
   181 | D        | Reached XP level 6. HP: 36/36 MP: 9/19
   197 | D        | Learned a level 5 spell: Fireball
   243 | D        | Entered arena 3.
   243 | D        | Noticed a spriggan
   243 | D        | Noticed a wolf
   243 | D        | Noticed a black bear
   243 | D        | Noticed a spriggan
   245 | D        | Killed a black bear
   245 | D        | Killed a wolf
   245 | D        | Reached skill level 8 in Spellcasting
   245 | D        | Reached XP level 7. HP: 41/41 MP: 17/23
   246 | D        | Killed a spriggan
   246 | D        | Killed a spriggan
   246 | D        | Reached skill level 9 in Spellcasting
   250 | D        | Got the ring "Grulyqyd" {Wiz Contam rN+++ Dex+4}
   260 | D        | Entered arena 4.
   260 | D        | Noticed an orc priest
   261 | D        | Acquired Vehumet's second power
   261 | D        | Killed an orc priest
   270 | D        | Got the cursed ring "Wesmacyo" {-Tele rF+ AC-2 Int+5}
   272 | D        | Entered arena 5.
   272 | D        | Noticed a jelly
   272 | D        | Noticed a jelly
   272 | D        | Noticed a jelly
   272 | D        | Noticed a slime creature
   273 | D        | Killed a jelly
   273 | D        | Acquired Vehumet's third power
   273 | D        | Reached XP level 8. HP: 46/46 MP: 14/25
   273 | D        | Killed a jelly
   274 | D        | Killed a jelly
   276 | D        | Killed a slime creature
   276 | D        | Reached skill level 10 in Spellcasting
   276 | D        | Reached skill level 10 in Conjurations
   283 | D        | Entered arena 6.
   283 | D        | Noticed a deep elf fighter
   283 | D        | Noticed a deep elf summoner
   283 | D        | Noticed a deep elf fighter
   283 | D        | Noticed a deep elf summoner
   283 | D        | Noticed a deep elf demonologist
   283 | D        | Noticed a deep elf knight
   284 | D        | Killed a deep elf fighter
   284 | D        | Reached skill level 5 in Transmutations
   286 | D        | Killed a deep elf summoner
   286 | D        | Reached skill level 11 in Transmutations
   286 | D        | Reached XP level 9. HP: 51/51 MP: 4/27
   286 | D        | Killed a deep elf summoner
   286 | D        | Reached skill level 13 in Transmutations
   286 | D        | Killed a deep elf fighter
   286 | D        | Reached skill level 14 in Transmutations
   287 | D        | Killed a deep elf demonologist
   287 | D        | Reached XP level 10. HP: 56/56 MP: 6/28
   290 | D        | Killed a deep elf knight
   290 | D        | Reached skill level 10 in Dodging
   305 | D        | Got the ring "Claiplaf" {+Fly rPois MP+9 Int+4 Stlth+}
   413 | D        | Learned a level 6 spell: Hydra Form
   415 | D        | Learned a level 1 spell: Summon Butterflies
   418 | D        | Learned a level 2 spell: Stoneskin
   419 | D        | Entered arena 7.
   419 | D        | Noticed a scorpion
   419 | D        | Noticed a scorpion
   420 | D        | Offered knowledge of Throw Frost by Vehumet.
   420 | D        | Killed a scorpion
   422 | D        | Killed a scorpion
   422 | D        | Reached skill level 1 in Summonings
   433 | D        | Identified the Volume of Scorching Self-Knowledge (You found it in the Dungeon)
   438 | D        | Learned a level 3 spell: Regeneration
   440 | D        | Entered arena 8.
   440 | D        | Noticed an orc priest
   440 | D        | Noticed an orc wizard
   440 | D        | Noticed an orc priest
   440 | D        | Noticed an orc priest
   440 | D        | Noticed an orc priest
   440 | D        | Noticed an orc wizard
   442 | D        | Killed an orc priest
   442 | D        | Killed an orc wizard
   443 | D        | Killed an orc priest
   443 | D        | Killed an orc priest
   446 | D        | Killed an orc priest
   452 | D        | Killed an orc wizard
   583 | D        | Entered arena 9.
   583 | D        | Noticed a deep elf conjurer
   583 | D        | Noticed a deep elf fighter
   583 | D        | Noticed a deep elf mage
   583 | D        | Noticed a deep elf summoner
   583 | D        | Noticed a deep elf fighter
   583 | D        | Noticed a deep elf fighter
   583 | D        | Noticed a deep elf summoner
   583 | D        | Noticed a deep elf fighter
   584 | D        | Killed a deep elf fighter
   584 | D        | Offered knowledge of Dazzling Spray by Vehumet.
   584 | D        | Killed a deep elf fighter
   586 | D        | Killed a deep elf fighter
   586 | D        | Killed a deep elf summoner
   587 | D        | Killed a deep elf fighter
   587 | D        | Killed a deep elf summoner
   588 | D        | Killed a deep elf mage
   594 | D        | Killed a deep elf conjurer
   628 | D        | Identified the Tome of Weightlessness (You found it in the Dungeon)
   633 | D        | Learned a level 3 spell: Mephitic Cloud
   744 | D        | Entered arena 10.
   744 | D        | Noticed a deep elf knight
   744 | D        | Noticed a deep elf summoner
   744 | D        | Noticed a lindwurm
   744 | D        | Noticed a deep elf knight
   744 | D        | Noticed a deep elf fighter
   744 | D        | Noticed a deep elf fighter
   744 | D        | Noticed a deep elf fighter
   746 | D        | Killed a deep elf fighter
   746 | D        | Offered knowledge of Static Discharge by Vehumet.
   746 | D        | Reached skill level 1 in Earth Magic
   747 | D        | a lindwurm changed into a tarantella
   748 | D        | Killed a deep elf summoner
   748 | D        | Reached XP level 11. HP: 61/61 MP: 21/32
   748 | D        | Killed a deep elf fighter
   748 | D        | Killed a deep elf fighter
   748 | D        | Reached skill level 5 in Summonings
   751 | D        | Killed a deep elf knight
   751 | D        | Reached skill level 5 in Earth Magic
   753 | D        | Killed a deep elf knight
   806 | D        | Learned a level 4 spell: Summon Lightning Spire
   878 | D        | Entered arena 11.
   878 | D        | Noticed an elephant
   878 | D        | Noticed a black mamba
   878 | D        | Noticed a giant frog
   878 | D        | Noticed a wyvern
   879 | D        | Noticed a water moccasin
   879 | D        | Noticed a giant frog
   880 | D        | Killed a black mamba
   881 | D        | Killed a giant frog
   881 | D        | Killed a giant frog
   881 | D        | Killed a water moccasin
   883 | D        | Killed an elephant
   883 | D        | Reached skill level 10 in Shields
   885 | D        | Killed a wyvern
   934 | D        | Entered arena 12.
   934 | D        | Noticed a large abomination
   934 | D        | Noticed a lich
   934 | D        | Noticed an ancient zyme
   934 | D        | Noticed a thrashing horror
   934 | D        | Noticed a small abomination
   934 | D        | Noticed a neqoxec
   934 | D        | Noticed a raiju
   937 | D        | Noticed an orange demon
   940 | D        | Noticed a flying skull
   941 | D        | Killed a small abomination
   941 | D        | Offered knowledge of Venom Bolt by Vehumet.
   941 | D        | Killed a large abomination
   943 | D        | Killed a thrashing horror
   945 | D        | Killed a neqoxec
   945 | D        | Killed a flying skull
   946 | D        | Killed a raiju
   946 | D        | Killed an ancient zyme
   948 | D        | Killed an orange demon
   948 | D        | Killed a lich
   948 | D        | Reached skill level 16 in Shields
   948 | D        | Reached XP level 12. HP: 66/66 MP: 33/33
   961 | D        | Got the ring of Twaur {Wiz rF+}
   970 | D        | Entered arena 13.
   970 | D        | Noticed a giant orange brain
   970 | D        | Noticed a slime creature
   970 | D        | Noticed a jelly
   971 | D        | Killed a jelly
   972 | D        | Noticed an acid blob
   972 | D        | Noticed a shining eye
   972 | D        | Noticed a slime creature
   972 | D        | Noticed an acid blob
   973 | D        | Killed a giant orange brain
   974 | D        | Noticed a jelly
   974 | D        | Noticed a slime creature
   974 | D        | Killed a slime creature
   974 | D        | Killed a jelly
   975 | D        | Killed a slime creature
   975 | D        | Killed a large slime creature
   976 | D        | Noticed a shining eye
   976 | D        | Killed an acid blob
   976 | D        | Reached skill level 18 in Shields
   977 | D        | Killed an acid blob
   977 | D        | Killed a shining eye
   977 | D        | Reached skill level 19 in Shields
   980 | D        | Killed a shining eye
   981 | D        | Noticed a golden eye
   986 | D        | Killed a golden eye
  1060 | D        | Entered arena 14.
  1060 | D        | Noticed a mummy priest
  1060 | D        | Noticed a greater mummy
  1063 | D        | Noticed a guardian mummy
  1063 | D        | Noticed a guardian mummy
  1064 | D        | Killed a mummy priest
  1064 | D        | Killed a guardian mummy
  1064 | D        | Killed a guardian mummy
  1065 | D        | Noticed a guardian mummy
  1065 | D        | Noticed a guardian mummy
  1066 | D        | Noticed a guardian mummy
  1067 | D        | Noticed an emperor scorpion
  1067 | D        | Noticed an emperor scorpion
  1067 | D        | Noticed an emperor scorpion
  1067 | D        | Noticed a death scarab
  1067 | D        | Killed a guardian mummy
  1068 | D        | Noticed an emperor scorpion
  1068 | D        | Noticed an emperor scorpion
  1068 | D        | Noticed an emperor scorpion
  1068 | D        | Noticed an emperor scorpion
  1068 | D        | Killed a guardian mummy
  1068 | D        | Killed a guardian mummy
  1073 | D        | Killed a greater mummy
  1073 | D        | Reached skill level 15 in Spellcasting
  1073 | D        | Reached XP level 13. HP: 60/70 MP: 14/35
  1074 | D        | Killed a death scarab
  1196 | D        | Learned a level 5 spell: Summon Mana Viper
  1204 | D        | Entered arena 15.
  1204 | D        | Noticed an orc warrior
  1205 | D        | Noticed a two-headed ogre
  1206 | D        | Killed an orc warrior
  1206 | D        | Offered knowledge of Bolt of Fire by Vehumet.
  1207 | D        | Killed a two-headed ogre
  1207 | D        | Reached skill level 1 in Fighting
  1207 | D        | Reached skill level 1 in Unarmed Combat
  1209 | D        | Noticed an orc sorcerer
  1217 | D        | Killed an orc sorcerer
  1227 | D        | Got the ring of Amorality {MR+ MP+9 Str+3 SInv Stlth-}
  1249 | D        | Entered arena 16.
  1251 | D        | Noticed a death drake
  1251 | D        | Noticed a wyvern
  1251 | D        | Noticed a wyvern
  1252 | D        | Noticed a fire drake
  1252 | D        | Noticed a swamp dragon
  1252 | D        | Noticed a mottled dragon
  1252 | D        | Noticed a death drake
  1252 | D        | Noticed an ice dragon
  1252 | D        | Noticed a seven-headed hydra
  1252 | D        | Noticed a steam dragon
  1254 | D        | Noticed a fire dragon
  1254 | D        | Noticed a fire dragon
  1254 | D        | Noticed a fire drake
  1255 | D        | Noticed a wyvern
  1255 | D        | Killed a wyvern
  1255 | D        | Killed a wyvern
  1256 | D        | Killed a death drake
  1256 | D        | Killed a death drake
  1257 | D        | Killed a steam dragon
  1258 | D        | Killed a fire drake
  1258 | D        | Reached skill level 5 in Fighting
  1258 | D        | Reached skill level 5 in Unarmed Combat
  1259 | D        | Killed a fire drake
  1260 | D        | Killed a seven-headed hydra
  1260 | D        | Killed an ice dragon
  1262 | D        | Killed a wyvern
  1263 | D        | Killed a swamp dragon
  1265 | D        | Killed a fire dragon
  1266 | D        | Noticed a swamp dragon
  1266 | D        | Killed a mottled dragon
  1268 | D        | Killed a fire dragon
  1272 | D        | Killed a swamp dragon
  1284 | D        | Got the ring "Lonoi" {rPois rC+ EV+6}
  1290 | D        | Got the ring of Imuxtunk {+Fly MR+ Dex+4 Slay+2 Stlth+}
  1435 | D        | Entered arena 17.
  1437 | D        | Noticed a rust devil
  1437 | D        | Noticed an orange demon
  1437 | D        | Noticed a ynoxinul
  1438 | D        | Noticed a cacodemon
  1438 | D        | Noticed a hellwing
  1438 | D        | Noticed a torturous blood saint
  1438 | D        | Noticed a green death
  1439 | D        | Noticed an ice devil
  1439 | D        | Noticed Ofetaque the pandemonium lord
  1441 | D        | Noticed an orange demon
  1441 | D        | Noticed a red devil
  1441 | D        | Noticed Talop the pandemonium lord
  1441 | D        | Noticed an Ice Fiend
  1441 | D        | Noticed an ice devil
  1441 | D        | Noticed Luetze the pandemonium lord
  1442 | D        | Noticed an orange demon
  1443 | D        | Noticed a great orb of eyes
  1443 | D        | Noticed a rust devil
  1444 | D        | Killed a torturous blood saint
  1444 | D        | Offered knowledge of Orb of Destruction by Vehumet.
  1445 | D        | Killed a green death
  1445 | D        | Killed a rust devil
  1452 | D        | HP: 4/115 [Talop the pandemonium lord (20)]
  1453 | D        | Killed an orange demon
  1453 | D        | Blown up by Talop the pandemonium lord

Action                   |  1- 3 |  4- 6 |  7- 9 | 10-12 | 13-15 || total
-------------------------+-------+-------+-------+-------+-------++-------
Melee: Broad axe         |     3 |     2 |     1 |     4 |       ||    10
       Unarmed           |       |       |       |     3 |    18 ||    21
       Staff             |       |       |       |     1 |       ||     1
 Cast: Fireball          |       |       |     8 |    39 |    15 ||    62
       Flame Tongue      |       |       |       |    13 |       ||    13
       Throw Flame       |       |       |       |    12 |       ||    12
       Regeneration      |       |       |       |     6 |     3 ||     9
       Stoneskin         |       |       |       |     6 |     2 ||     8
       Mephitic Cloud    |       |       |       |     3 |       ||     3
       Hydra Form        |       |       |       |     1 |     2 ||     3
       Summon Lightning  |       |       |       |     1 |     1 ||     2
Evoke: Wand              |     2 |     3 |       |     2 |     2 ||     9
       Staff of energy   |       |       |       |     8 |     4 ||    12
       Lamp of fire      |       |       |       |       |     1 ||     1
  Use: Potion            |     1 |     1 |       |     1 |     3 ||     6
       Scroll            |       |       |       |     4 |       ||     4
  Eat: Chunk             |       |     1 |       |     2 |     1 ||     4
